 Dungeon Crawl Stone Soup version 0.24.0-125-gc4c63601f3 (webtiles) character file.

Game seed: 4212764913682354241, levelgen mode: deterministic

110 Lemonice the Sneak (level 4, 0/27 HPs)
             Began as an Octopode Earth Elementalist on Feb 23, 2020.
             Slain by a gnoll
             ... wielding a +0 club
              (7 damage)
             ... on level 2 of the Dungeon.
             The game lasted 00:05:05 (1681 turns).

Lemonice the Sneak (Octopode Earth Elementalist)    Turns: 1681, Time: 00:05:06

Health: 0/27       AC:  1    Str:  7    XL:     4   Next: 91%
Magic:  8/8        EV: 13    Int: 18    God:
Gold:   60         SH:  0    Dex: 12    Spells: 8/9 levels left

rFire    . . .     SeeInvis .   a - +0 dagger
rCold    . . .     Gourm    .   (no shield)
rNeg     . . .     Faith    .   (helmet restricted)
rPois    .         Spirit   .   (no amulet)
rElec    .         Reflect  .   (no ring)
rCorr    .         Harm     .   (no ring)
MR       .....                  (no ring)
Stlth    ++++......             (no ring)
HPRegen  0.09/turn              (no ring)
MPRegen  0.11/turn              (no ring)
                                (no ring)
                                (no ring)

@: no status effects
A: almost no armour, stealthy swim, amphibious, 8 rings, constrict 8, camouflage
1, gelatinous body 1
a: no special abilities


You were on level 2 of the Dungeon.
You were hungry.

You visited 1 branch of the dungeon, and saw 2 of its levels.

You collected 60 gold pieces.

Inventory:

Hand Weapons
 a - a +0 dagger (weapon)
Missiles
 b - 102 stones (quivered)
Jewellery
 e - an uncursed ring of protection from magic {unknown}
Scrolls
 d - 3 scrolls of teleportation {unknown}
 f - a scroll of amnesia {unknown}
 g - 2 scrolls of fog {unknown}
 h - a scroll of remove curse {unknown}
 j - a scroll of blinking {unknown}
 k - 3 scrolls of noise {unknown}
 m - 2 scrolls of magic mapping {unknown}
 n - a scroll of fear {unknown}
Potions
 i - 2 potions of curing {unknown}
 o - a potion of flight {unknown}
 p - 3 potions of brilliance {unknown}
Comestibles
 c - 3 rations


   Skills:
 - Level 2.0 Dodging
 + Level 4.6 Stealth
 + Level 3.0 Spellcasting
   Level 1.0 Transmutations
 + Level 4.0 Earth Magic


You had 8 spell levels left.
You knew the following spells:

 Your Spells              Type           Power        Failure   Level  Hunger
a - Sandblast             Erth           ###...       3%          1    None

Your spell library contained the following spells:

 Spells                   Type           Power        Failure   Level  Hunger
 Passwall                 Tmut/Erth      ##......     9%          2    ##.....
 Stone Arrow              Conj/Erth      #.....       22%         3    ###....
 Petrify                  Tmut/Erth      ##......     50%         4    ####...
 Lee's Rapid Deconstruct  Erth           ###.......   65%         5    ######.


Dungeon Overview and Level Annotations

Branches:
Dungeon (2/15)

Altars:
Uskayaw


Innate Abilities, Weirdness & Mutations

You cannot wear most types of armour.
You are very stealthy in the water. (Stealth+)
You are amphibious.
You can wear up to eight rings at the same time.
You can use your tentacles to constrict eight enemies at once.
Your skin changes colour to match your surroundings (Stealth+).
Your rubbery body absorbs attacks. (AC +1, EV +1)


Message History

The blast of sand hits the gnoll.
The gnoll is moderately wounded.
b - 103 stones The gnoll hits you with a +0 club.
Casting: Sandblast (safe; 3% risk of failure)
Confirm with . or Enter, or press ? or * to list all spells.
Aiming: Sandblast (safe; 3% risk of failure)
Press: ? - help, Shift-Dir - straight line, f/p - gnoll
Aim: a gnoll, wielding a +0 club (moderately wounded)
The blast of sand hits the gnoll.
The gnoll is heavily wounded.
b - 102 stones The gnoll hits you with a +0 club!
* * * LOW HITPOINT WARNING * * *
A worm comes into view.
The worm moves out of view.
There is a stone staircase leading down here.
You are feeling hungry.
The gnoll hits you with a +0 club!
You die...

#..#.#.#.##.# #..#
#..#.#.#.##.###### #..#
.....#.#.##......# #..#
...###.#.#######.# #..#
#.## #.#.# #.# #..#
...###.#.# #.######..#
..(.##.#.# ##.....>...#
.....#.#.######...#####.##
....##..........@..# #.#
...###.########..g.# #.#
#.## #.# ####.# #.# #.#
#.# #.# #.# #.# #.# #.#
#.# #.####.# #.# #.#
.......# #.# #.#
....######### #.# #.#
.....>......######.# #)#


You could see a gnoll.

Vanquished Creatures
  3 adders (D:2)
  2 gnolls (D:2)
  An ooze (D:1)
  A worm (D:2)
  2 dart slugs (D:2)
  A leopard gecko (D:2)
  An orc (D:2)
  5 bats
  3 giant cockroaches
  7 goblins
  10 hobgoblins
  A quokka (D:2)
  3 ball pythons
  4 frilled lizards
  2 kobolds
  5 rats
51 creatures vanquished.

Notes
Turn   | Place    | Note
-------+----------+-------------------------------------------
     0 | D:1      | Lemonice the Octopode Earth Elementalist began the quest
                  | for the Orb.
     0 | D:1      | Reached XP level 1. HP: 11/11 MP: 3/3
    95 | D:1      | Reached XP level 2. HP: 13/17 MP: 5/5
   153 | D:1      | You fall into a shaft and drop 1 floor!
   384 | D:1      | Reached XP level 3. HP: 18/21 MP: 6/6
  1371 | D:2      | Reached XP level 4. HP: 27/27 MP: 4/8
  1379 | D:2      | Found a hide-covered altar of Uskayaw.
  1681 | D:2      | Slain by a gnoll

Levels and vault maps discovered:
D:1:      tarquinn_simple_flora_water_f, layout_basic
D:2:      layout_loops_ring, nicolae_overflow_crystal_walls, uniq_sigmund

Skill      XL: |  1  2  3  4 |
---------------+-------------+-----
Stealth        | 3 4 |  4.6
Spellcasting   | 3 |  3.0
Earth Magic    | 4 |  4.0
Dodging        | |  2.0
Transmutations | |  1.0

Action                   |  1- 3 |  4- 6 || total
-------------------------+-------+-------++-------
Melee: Dagger            |    80 |    11 ||    91
       Constrict         |    17 |     2 ||    19
       Tentacles         |    11 |     1 ||    12
       Unarmed           |     2 |       ||     2
 Cast: Sandblast         |    12 |    16 ||    28
 Stab: Sleeping          |    15 |     2 ||    17
  Eat: Chunk             |     2 |       ||     2
Armor: Skin              |    14 |     1 ||    15
Dodge: Dodged            |    64 |     7 ||    71
